 Seeded DCSS version 0.30.0-19-g36f170ea60 (webtiles) character file.

Game seed: 7229806256980976716 (custom seed)

1 RascalDebosk the Magician (level 1, 15/18 HPs)
             Began as a Djinni Warper on May 31, 2023.
             Quit the game on level 1 of the Dungeon.
             The game lasted 00:01:58 (58 turns).

RascalDebosk the Magician (Djinni Warper)             Turns: 58, Time: 00:01:58

Health: 15/18      AC:  4    Str: 10    XL:     1   Next: 22%
Gold:   388        EV: 11    Int: 16    God:
                   SH:  0    Dex: 12

rFire   + + .        a - +0 falchion
rCold   x . .        (no shield)
rNeg    . . .        b - +0 leather armour
rPois   ∞            (no helmet)
rElec   .            (no cloak)
rCorr   .            f - +0 pair of gloves of Parts Unknown {Will+ Int+2}
SInv    .            (boots unavailable)
Will    +....        (no amulet)
Stlth   +            (no ring)
HPRegen 0.23/turn    (no ring)
MPRegen 0.00/turn

%: no passive effects
@: flying
A: sickness immunity, fire resistance 2, cold vulnerability 1, float, innate
caster, HP casting, extra vitality 1
a: no special abilities


You were on level 1 of the Dungeon.
You visited 1 branch of the dungeon, and saw 1 of its levels.

You collected 388 gold pieces.

Inventory:

Hand Weapons
 a - a +0 falchion (weapon)
Missiles
 d - 7 boomerangs of dispersal (quivered)
Armour
 b - a +0 leather armour (worn)
 f - the +0 pair of gloves of Parts Unknown (worn) {Will+ Int+2}
   (You acquired it on level 1 of the Dungeon)

   Int:       It affects your intelligence (+2).
   Will:      It increases your willpower.
Scrolls
 c - 2 scrolls of amnesia {unknown}
 e - a scroll of acquirement
 g - a scroll of blinking


   Skills:
 - Level 2.0 Fighting
 - Level 1.7 Long Blades
 - Level 0.7 Throwing
 - Level 1.0 Armour
 - Level 2.1 Dodging
 * Level 2.4 Spellcasting


You knew the following spells:

 Your Spells              Type           Power      Damage    Failure   Level
a - Blink                 Tloc           18%        N/A       14%         2
b - Lesser Beckoning      Tloc           18%        N/A       14%         2
c - Vhi's Electric Charg  Tloc/Air       18%        N/A       28%         3
d - Teleport Other        Tloc           9%         N/A       28%         3
e - Manifold Assault      Tloc           9%         N/A       67%         4
Your spell library was empty.

Dungeon Overview and Level Annotations

Branches:
Dungeon (1/15)

Altars:


Innate Abilities, Weirdness & Mutations

You are immune to sickness and miasma.
You are immune to poison.
Your flesh is very heat resistant. (rF++)
You are vulnerable to cold. (rC-)
You float through the air rather than walking.
You learn spells naturally, not from books.
Your magical power is your life essence.
You have superior vitality. (+4 MHP)


Message History

Lua error: /dgldir/rcfiles/crawl-0.30/RascalDebosk.rc:334: '' expected near 'end' Welcome, RascalDebosk the Djinni Warper.
Game seed: 7229806256980976716 (custom seed) Press ? for a list of commands and other information.
Found a faded altar of an unknown god.
Found two stairs.
You begin with the following spells memorised: Blink, Lesser Beckoning, Vhi's Electric Charge, Teleport Other, Manifold Assault.
You reach down and open the door.
There is an open door here.
Found 17 gold pieces.
You now have 17 gold pieces.
Found 2 scrolls labelled FUSKUR VIKLOEP.
c - 2 scrolls labelled FUSKUR VIKLOEP A quokka comes into view.
Found 3 scrolls labelled RAGIOR NADERHA.
Found 3 stones.
You see here 3 scrolls labelled RAGIOR NADERHA.
You hit the quokka.
The quokka is moderately wounded.
The quokka bites you.
The quokka bites you but does no damage.
You closely miss the quokka.
The quokka is moderately wounded.
The quokka bites you.
You hit the quokka.
The quokka is almost dead.
The quokka bites you.
You barely miss the quokka.
The quokka is almost dead.
The quokka misses you. x2
You hit the quokka.
You kill the quokka!
e - 3 scrolls labelled RAGIOR NADERHA This is a scroll of acquirement!
Something appears before you! Something appears before you!
f - the +0 pair of gloves of Parts Unknown {Will+ Int+2} You now have 388 gold pieces (gained 371).
You start putting on your armour.
You continue putting on the +0 pair of gloves of Parts Unknown {Will+ Int+2}. x4
You finish putting on the +0 pair of gloves of Parts Unknown {Will+ Int+2}.
You feel clever.
Are you sure you want to abandon this character and quit the game? (Confirm with "yes".)

############.#
#r# #.# #.#
##########.#
#..........# #
#.##########
#(#######.#
#..@......#
###########


There were no monsters in sight!

Vanquished Creatures
  A quokka (D:1)
1 creature vanquished.

Notes
Turn   | Place    | Note
-------+----------+-------------------------------------------
     0 | D:1      | RascalDebosk the Djinni Warper began the quest for the Orb.
     0 | D:1      | RascalDebosk set off with the following spells memorised:
                  | Blink, Lesser Beckoning, Vhi's Electric Charge, Teleport
                  | Other, Manifold Assault.
     0 | D:1      | Reached XP level 1. HP: 18/18 MP: 0/0
    50 | D:1      | Identified 3 scrolls of acquirement
    50 | D:1      | Acquired the +0 pair of gloves of Parts Unknown {Will+
                  | Int+2}
    51 | D:1      | Acquired 371 gold pieces
    58 | D:1      | Quit the game

Illustrated notes

Levels and vault maps discovered:
D:1:      spicycebolla_arrival_ecumenical, layout_loops_ring

Action                     || total
---------------------------++-------
  Melee: Falchion          ||     5
    Use: Scroll            ||     2
 Armour: Leather armour    ||     1
  Dodge: Dodged            ||     2
